3AA
BETHESDA ATOMS @ MARQUETTE MINERS
06/14/2041
 
TOP OF THE 1ST
Bethesda Atoms batting - Pitching for Marquette Miners : LHP Zi-cheng Pei
Pitching: LHP Zi-cheng Pei
Batting: RHB Jorge Gardella 0-0: DOUBLE (Line Drive, 7LM, EV 113.1 MPH)
Batting: RHB John Lester 0-0: Ball
1-0: Swinging Strike
1-1: Swinging Strike
1-2: Ball
2-2: Ball
3-2: Foul Ball, location: 2F
3-2: Foul Ball, location: 2F
3-2: Base on Balls
Batting: RHB Byron Shadix 0-0: Swinging Strike
0-1: Ball
1-1: Ball
Jorge Gardella steals 3rd base
John Lester to second
2-1: SINGLE (Line Drive, 78M, EV 100.0 MPH)
Jorge Gardella scores
John Lester to third
Runner from 3rd tries for Home, SAFE, no throw by CF
Batting: RHB Dana O'Quinlevan Pickoff Throw to First - Error! E1
Byron Shadix to second
0-0: Ball
1-0: Fly out, F9 (Flyball, 9S, EV 83.1 MPH)
Batting: LHB Ayub Kuthakwakulu 0-0: Called Strike
0-1: Swinging Strike
0-2: Strikes out swinging
Batting: RHB Juan Vázquez 0-0: Ball
1-0: Swinging Strike
1-1: Ball
2-1: Called Strike
2-2: Strikes out swinging
Top of the 1st over - 2 runs, 2 hits, 1 error, 1 left on base; Bethesda 2 - Marquette 0
BOTTOM OF THE 1ST
Marquette Miners batting - Pitching for Bethesda Atoms : RHP Scott Alexander
Pitching: RHP Scott Alexander
Batting: LHB Eric Manchester 0-0: Single, Error in OF, E8, batter to second base (Groundball, 6MD, EV 97.5 MPH)
Batting: LHB Leslie Small 0-0: Ball
1-0: Ball
2-0: Foul Ball, location: 2F
2-1: Foul Ball, location: 2F
2-2: Fly out, F7 (Flyball, 7S, EV 88.8 MPH)
Batting: LHB Mike Johnstone 0-0: Ball
1-0: Foul Ball, location: 2F
1-1: Swinging Strike
1-2: Ground out 6-3 (Groundball, 6, EV 81.9 MPH)
Eric Manchester to third
Batting: RHB Jesse Garrett 0-0: Foul Ball, location: 2F
0-1: Swinging Strike
0-2: Ball
1-2: Ball
2-2: Ball
3-2: Reached on error, E6 (Groundball, 6, EV 85.6 MPH)
Eric Manchester scores
Batting: LHB Wyatt Quick 0-0: Called Strike
0-1: Ball
1-1: SINGLE (Flyball, 6D, EV 89.4 MPH)
Jesse Garrett to second
Batting: RHB Andy Noonkester 0-0: Called Strike
0-1: Reached on error, E5 (Groundball, 56S, EV 63.8 MPH)
Jesse Garrett scores
Wyatt Quick to third
Batting: RHB Jesús Méndez 0-0: Called Strike
0-1: Ball
1-1: Ball
2-1: Swinging Strike
2-2: Ball
3-2: Foul Ball, location: 2F
3-2: Ground out 5-3 (Groundball, 5, EV 106.9 MPH)
Bottom of the 1st over - 2 runs, 2 hits, 3 errors, 2 left on base; Bethesda 2 - Marquette 2
TOP OF THE 2ND
Bethesda Atoms batting - Pitching for Marquette Miners : LHP Zi-cheng Pei
Batting: LHB Mhelter Narcida 0-0: Swinging Strike
0-1: Fly out, F7 (Flyball, 78M, EV 82.5 MPH)
Batting: SHB Mikk Tamm 0-0: Foul Ball, location: 2F
0-1: Ball
1-1: Swinging Strike
1-2: Fly out, F8 (Flyball, 8LS, EV 76.2 MPH)
Batting: LHB Robby Caldwell 0-0: Swinging Strike
0-1: Swinging Strike
0-2: Ball
1-2: Ball
2-2: Foul Ball, location: 2F
2-2: Foul Ball, location: 2F
2-2: Ground out 4-3 (Groundball, 4, EV 84.4 MPH)
Top of the 2nd over - 0 runs, 0 hits, 0 errors, 0 left on base; Bethesda 2 - Marquette 2
BOTTOM OF THE 2ND
Marquette Miners batting - Pitching for Bethesda Atoms : RHP Scott Alexander
Batting: RHB Tom Hendrickson 0-0: Ball
1-0: Ball
2-0: Foul Ball, location: 2F
2-1: Foul Ball, location: 2F
2-2: Ball
3-2: Base on Balls
Batting: RHB Kent Potter 0-0: Ball
1-0: Foul Ball, location: 2F
1-1: Ball
2-1: Foul Ball, location: 2F
2-2: Grounds into double play, 6-4-3 (Groundball, 6, EV 106.9 MPH)
Batting: LHB Eric Manchester 0-0: Ball
1-0: Called Strike
1-1: Ground out 6-3 (Groundball, 6, EV 84.4 MPH)
Bottom of the 2nd over - 0 runs, 0 hits, 0 errors, 0 left on base; Bethesda 2 - Marquette 2
TOP OF THE 3RD
Bethesda Atoms batting - Pitching for Marquette Miners : LHP Zi-cheng Pei
Batting: RHB Jorge Gardella 0-0: Swinging Strike
0-1: Called Strike
0-2: Ball
1-2: Ball
2-2: Foul Ball, location: 2F
2-2: Ball
3-2: Strikes out swinging
Batting: RHB John Lester 0-0: Ball
1-0: Ball
2-0: Foul Ball, location: 2F
2-1: Ball
3-1: Foul Ball, location: 2F
3-2: Base on Balls
Batting: RHB Byron Shadix 0-0: Ball
1-0: Ball
2-0: Called Strike
2-1: Foul Ball, location: 2F
2-2: Strikes out swinging
Batting: RHB Dana O'Quinlevan 0-0: Ball
1-0: Called Strike
1-1: Ball
2-1: Ball
3-1: Swinging Strike
3-2: Strikes out swinging
Top of the 3rd over - 0 runs, 0 hits, 0 errors, 1 left on base; Bethesda 2 - Marquette 2
BOTTOM OF THE 3RD
Marquette Miners batting - Pitching for Bethesda Atoms : RHP Scott Alexander
Batting: LHB Leslie Small 0-0: Ball
1-0: Called Strike
1-1: Called Strike
1-2: DOUBLE (Line Drive, 7LD, EV 105.0 MPH)
Batting: LHB Mike Johnstone 0-0: Called Strike
0-1: Foul Ball, location: 2F
0-2: Ball
1-2: Ball
2-2: Ball
3-2: Fly out, F7 (Flyball, 7D, EV 92.5 MPH)
Throwing error, E7
Leslie Small scores
Batting: RHB Jesse Garrett 0-0: Ball
1-0: Ball
2-0: Called Strike
2-1: Ball
3-1: Swinging Strike
3-2: Strikes out swinging
Batting: LHB Wyatt Quick 0-0: Foul Ball, location: 2F
0-1: Fly out, F9 (Flyball, 89S, EV 80.6 MPH)
Bottom of the 3rd over - 1 run, 1 hit, 1 error, 0 left on base; Bethesda 2 - Marquette 3
TOP OF THE 4TH
Bethesda Atoms batting - Pitching for Marquette Miners : LHP Zi-cheng Pei
Batting: LHB Ayub Kuthakwakulu 0-0: Foul Ball, location: 2F
0-1: Called Strike
0-2: Strikes out swinging
Batting: RHB Juan Vázquez 0-0: Called Strike
0-1: Ball
1-1: Fly out, F9 (Flyball, 89M, EV 83.8 MPH)
Batting: LHB Mhelter Narcida 0-0: Called Strike
0-1: Ball
1-1: Ball
2-1: Ball
3-1: Foul Ball, location: 2F
3-2: Strikes out looking
Top of the 4th over - 0 runs, 0 hits, 0 errors, 0 left on base; Bethesda 2 - Marquette 3
BOTTOM OF THE 4TH
Marquette Miners batting - Pitching for Bethesda Atoms : RHP Scott Alexander
Batting: RHB Andy Noonkester 0-0: Ball
1-0: Foul Ball, location: 2F
1-1: Ball
2-1: Called Strike
2-2: Strikes out swinging
Pitching: LHP Nicolas Alonso
Batting: RHB Jesús Méndez 0-0: Called Strike
0-1: Ball
1-1: Ball
2-1: Ball
3-1: Foul Ball, location: 2F
3-2: Base on Balls
Batting: RHB Tom Hendrickson 0-0: Ball
1-0: Ball
2-0: Ball
3-0: Base on Balls
Jesús Méndez to second
Batting: RHB Kent Potter 0-0: DOUBLE (Line Drive, 9LS, EV 92.5 MPH)
Jesús Méndez scores
Tom Hendrickson to third
Batting: LHB Eric Manchester 0-0: Ball
1-0: Called Strike
1-1: Called Strike
1-2: Strikes out swinging
Batting: LHB Leslie Small 0-0: Ball
1-0: Ball
2-0: Ball
3-0: Base on Balls
Batting: LHB Mike Johnstone 0-0: Ball
1-0: Ball
2-0: Swinging Strike
2-1: Foul Ball, location: 2F
2-2: Strikes out swinging
Bottom of the 4th over - 1 run, 1 hit, 0 errors, 3 left on base; Bethesda 2 - Marquette 4
TOP OF THE 5TH
Bethesda Atoms batting - Pitching for Marquette Miners : LHP Zi-cheng Pei
Batting: SHB Mikk Tamm 0-0: Ground out 5-3 (Groundball, 56, EV 90.0 MPH)
Batting: LHB Robby Caldwell 0-0: Ball
1-0: Ball
2-0: Called Strike
2-1: SINGLE (Groundball, 34S, EV 82.5 MPH) (infield hit)
Batting: RHB Jorge Gardella 0-0: Fly out, F7 (Flyball, 7LD, EV 98.8 MPH)
Batting: RHB John Lester 0-0: Ball
1-0: Called Strike
1-1: Ground out 4-3 (Groundball, 4, EV 102.5 MPH)
Top of the 5th over - 0 runs, 1 hit, 0 errors, 1 left on base; Bethesda 2 - Marquette 4
BOTTOM OF THE 5TH
Marquette Miners batting - Pitching for Bethesda Atoms : LHP Nicolas Alonso
Batting: RHB Jesse Garrett 0-0: Foul Ball, location: 2F
0-1: SINGLE (Line Drive, 4MD, EV 96.9 MPH)
Batting: LHB Wyatt Quick 0-0: Ball
1-0: Ball
2-0: Called Strike
2-1: Fly out, F4 (Popup, 4, EV 58.1 MPH)
Batting: RHB Andy Noonkester 0-0: Ball
1-0: Called Strike
1-1: Ball
2-1: Foul Ball, location: 2F
2-2: Ball
3-2: Foul Ball, location: 2F
3-2: Fielders Choice at 2nd, 6-4 (Groundball, 6, EV 80.0 MPH)
Batting: RHB Jesús Méndez 0-0: Ball
1-0: Ball
2-0: Swinging Strike
2-1: Ball
3-1: Base on Balls
Andy Noonkester to second
Batting: RHB Tom Hendrickson 0-0: Ball
1-0: Ball
2-0: Called Strike
2-1: Fly out, F6 (Popup, 6MS, EV 85.0 MPH)
Bottom of the 5th over - 0 runs, 1 hit, 0 errors, 2 left on base; Bethesda 2 - Marquette 4
TOP OF THE 6TH
Bethesda Atoms batting - Pitching for Marquette Miners : LHP Zi-cheng Pei
Batting: RHB Byron Shadix 0-0: Ball
1-0: Called Strike
1-1: Foul Ball, location: 2F
1-2: Ground out 5-3 (Groundball, 56, EV 102.5 MPH)
Batting: RHB Dana O'Quinlevan 0-0: Called Strike
0-1: Called Strike
0-2: Ball
1-2: Strikes out swinging
Batting: LHB Ayub Kuthakwakulu 0-0: DOUBLE (Groundball, 5L, EV 107.5 MPH)
Pitching: RHP Larry Henderson
Batting: RHB Juan Vázquez 0-0: Called Strike
0-1: Ball
1-1: Swinging Strike
1-2: Strikes out swinging
Top of the 6th over - 0 runs, 1 hit, 0 errors, 1 left on base; Bethesda 2 - Marquette 4
BOTTOM OF THE 6TH
Marquette Miners batting - Pitching for Bethesda Atoms : LHP Nicolas Alonso
Batting: RHB Kent Potter 0-0: Called Strike
0-1: Ground out 4-3 (Groundball, 4, EV 82.5 MPH)
Batting: LHB Eric Manchester 0-0: Called Strike
0-1: Ball
1-1: Fly out, F7 (Flyball, 7D, EV 96.9 MPH)
Batting: LHB Leslie Small 0-0: Swinging Strike
0-1: Ball
1-1: Foul Ball, location: 2F
1-2: DOUBLE (Flyball, 8RXD, EV 87.5 MPH)
Batting: LHB Mike Johnstone 0-0: Ball
1-0: Ball
2-0: 2-RUN HOME RUN (Flyball, 9LD, EV 96.9 MPH), Distance : 350 ft
Pitching: RHP Kang-keun Yong
Batting: RHB Jesse Garrett 0-0: Ball
1-0: Foul Ball, location: 2F
1-1: Foul Ball, location: 2F
1-2: Strikes out swinging
Bottom of the 6th over - 2 runs, 2 hits, 0 errors, 0 left on base; Bethesda 2 - Marquette 6
TOP OF THE 7TH
Bethesda Atoms batting - Pitching for Marquette Miners : RHP Larry Henderson
Batting: LHB Mhelter Narcida 0-0: Called Strike
0-1: Ball
1-1: Fly out, F9 (Flyball, 9, EV 93.1 MPH)
Batting: SHB Mikk Tamm 0-0: Ball
1-0: Ground out 3-1 (Groundball, 34, EV 106.9 MPH)
Batting: LHB Robby Caldwell 0-0: Ball
1-0: Foul Ball, location: 2F
1-1: Ball
2-1: Swinging Strike
2-2: Strikes out swinging
Top of the 7th over - 0 runs, 0 hits, 0 errors, 0 left on base; Bethesda 2 - Marquette 6
BOTTOM OF THE 7TH
Marquette Miners batting - Pitching for Bethesda Atoms : RHP Kang-keun Yong
Batting: LHB Wyatt Quick 0-0: Swinging Strike
0-1: Ball
1-1: Ball
2-1: Ball
3-1: Called Strike
3-2: Foul Ball, location: 2F
3-2: Base on Balls
Batting: RHB Andy Noonkester 0-0: Swinging Strike
0-1: Ball
1-1: Bunted foul
1-2: Fielders Choice at 2nd, 1-4 (Groundball, 15, EV 78.8 MPH)
Batting: RHB Jesús Méndez 0-0: SINGLE (Line Drive, 89M, EV 95.0 MPH)
Andy Noonkester to second
Batting: RHB Tom Hendrickson 0-0: Swinging Strike
0-1: Ball
1-1: Ball
2-1: Foul Ball, location: 2F
2-2: Reached on error, E7 (Flyball, 7, EV 88.1 MPH)
Andy Noonkester to third
Jesús Méndez to second
Batting: RHB Kent Potter 0-0: Ball
1-0: Swinging Strike
1-1: Ball
2-1: Swinging Strike
2-2: Strikes out swinging
Batting: LHB Eric Manchester 0-0: Fielders Choice at 2nd, 6-4 (Groundball, 6, EV 85.0 MPH)
Bottom of the 7th over - 0 runs, 1 hit, 1 error, 3 left on base; Bethesda 2 - Marquette 6
TOP OF THE 8TH
Bethesda Atoms batting - Pitching for Marquette Miners : RHP Larry Henderson
Batting: RHB Jorge Gardella 0-0: Foul Ball, location: 2F
0-1: Called Strike
0-2: Strikes out looking
Batting: RHB John Lester 0-0: Ball
1-0: Ball
2-0: Called Strike
2-1: SINGLE (Groundball, 56S, EV 63.1 MPH) (infield hit)
Batting: RHB Byron Shadix 0-0: Foul Ball, location: 2F
0-1: Swinging Strike
0-2: Ball
1-2: Foul Ball, location: 2F
1-2: Ball
2-2: Ball
3-2: Base on Balls
John Lester to second
Batting: RHB Dana O'Quinlevan 0-0: Grounds into double play, 5-4-3 (Groundball, 56S, EV 80.6 MPH)
Top of the 8th over - 0 runs, 1 hit, 0 errors, 1 left on base; Bethesda 2 - Marquette 6
BOTTOM OF THE 8TH
Marquette Miners batting - Pitching for Bethesda Atoms : RHP Kang-keun Yong
Batting: LHB Leslie Small 0-0: Ball
1-0: Ball
2-0: Ball
3-0: Base on Balls
Batting: LHB Mike Johnstone 0-0: Called Strike
0-1: Called Strike
0-2: Ball
1-2: Foul Ball, location: 2F
1-2: Ball
2-2: Foul Ball, location: 2F
2-2: Ball
3-2: Base on Balls
Leslie Small to second
Batting: RHB Jesse Garrett 0-0: Ball
1-0: Called Strike
1-1: Ball
2-1: Ball
3-1: Base on Balls
Leslie Small to third
Mike Johnstone to second
Pitching: LHP Armando Álvarez
Batting: LHB Wyatt Quick 0-0: Called Strike
0-1: Foul Ball, location: 2F
0-2: Ball
1-2: Ball
2-2: SINGLE (Line Drive, 5D, EV 96.9 MPH)
Leslie Small scores
Mike Johnstone to third
Jesse Garrett to second
Batting: RHB Andy Noonkester 0-0: Swinging Strike
Balk!
Mike Johnstone scores
Jesse Garrett to third
Wyatt Quick to second
0-1: Ball
1-1: Called Strike
1-2: SINGLE (Groundball, 56D, EV 105.6 MPH)
Jesse Garrett scores
Wyatt Quick to third
Runner from 3rd tries for Home, SAFE, no throw by LF
Batting: RHB Jesús Méndez
Pinch Hitting: RHB Martin Payton 0-0: Foul Ball, location: 2F
0-1: Swinging Strike
0-2: Ball
1-2: SINGLE (Groundball, 56D, EV 100.6 MPH)
Andy Noonkester to second
Pinch Hitting: LHB Arnie Ford 0-0: Ball
1-0: SINGLE (Groundball, 6MD, EV 105.0 MPH)
Andy Noonkester to third
Martin Payton to second
Runner from 3rd tries for Home, SAFE, throw by CF to home
Batting: RHB Kent Potter 0-0: Called Strike
0-1: Ball
1-1: Ball
2-1: Ball
3-1: Called Strike
3-2: Base on Balls
Martin Payton to third
Arnie Ford to second
Batting: LHB Eric Manchester 0-0: Ball
1-0: Foul Ball, location: 2F
1-1: Foul Ball, location: 2F
1-2: Ball
2-2: Strikes out swinging
Pinch Hitting: RHB Eduard Argelander 0-0: Ball
1-0: Ball
2-0: Fly out, F8 (Line Drive, 8LD, EV 93.8 MPH)
Runner from 3rd tags up, OUT at HOME! 8-2
Bottom of the 8th over - 5 runs, 4 hits, 0 errors, 2 left on base; Bethesda 2 - Marquette 11
TOP OF THE 9TH
Bethesda Atoms batting - Pitching for Marquette Miners : RHP Larry Henderson
Now at 2B: Arnie Ford
Now at 3B: Martin Payton
Now at SS: Joseph Wallace
Pinch Hitting: LHB Reynaldo Pérez 0-0: Called Strike
0-1: Swinging Strike
0-2: Ball
1-2: Ball
2-2: Foul Ball, location: 2F
2-2: Strikes out swinging
Pinch Hitting: RHB Chris Leppert 0-0: Called Strike
0-1: Ball
1-1: Swinging Strike
1-2: Ball
2-2: Ball
3-2: DOUBLE (Flyball, 9LD, EV 97.5 MPH)
Batting: LHB Mhelter Narcida 0-0: Called Strike
0-1: Ball
1-1: Foul Ball, location: 2F
1-2: Fly out, F8 (Flyball, 8RM, EV 90.6 MPH)
Batting: SHB Mikk Tamm 0-0: Foul Ball, location: 2F
0-1: Ball
1-1: Foul Ball, location: 2F
1-2: Foul Ball, location: 2F
1-2: Ground out 5-3 (Groundball, 5L, EV 100.0 MPH)
Top of the 9th over - 0 runs, 1 hit, 0 errors, 1 left on base; Bethesda 2 - Marquette 11
Tuesday, January 5th, 2021 - OOTP Baseball 20.8 Build 74